 Dungeon Crawl Stone Soup version 0.26.1-2-gb8aa6d0cf2 (webtiles) character file.

Game seed: 1539446743401821763

593825 gnacko the Tortoise (level 27, -1/126 HPs)
             Began as a Gargoyle Fighter on Mar 7, 2021.
             Was a High Priest of Okawaru.
             Killed from afar by a will-o-the-wisp (2 damage)
             ... with a foxfire
             ... on level 2 of the Abyss.
             The game lasted 05:45:20 (77792 turns).

gnacko the Tortoise (Gargoyle Fighter)             Turns: 77792, Time: 05:45:20

Health: -1/126     AC: 53    Str: 34 (35) XL:     27
Magic:  0/21       EV: 13    Int: 11 (12) God:    Okawaru [*****.]
Gold:   3962       SH: 17    Dex:  8      Spells: 39/58 levels left

rFire    + + .     SeeInvis .   e - +10 flail of Debt {vorpal, rN+ Will+ MP-9 Str+4}
rCold    . . .     Faith    .   D - +2 kite shield {AC+3}
rNeg     + + +     Spirit   +   a - +3 plate armour of the New World {+Inv rF++ Slay+2}
rPois    ∞         Reflect  .   o - +2 helmet of the Bells {rC- rN+++ rCorr Stlth+}
rElec    +         Harm     .   E - +1 cloak {Will+}
rCorr    +         Rampage  .   Q - +2 pair of gloves {Str+3}
Will     +++++     Rnd*Rage +   I - +0 pair of boots {run} Stlth ..........Rnd*Tele +
                                O - amulet of guardian spirit
HPRegen  0.00/turn              m - ring of Autumn {Wiz rC+ Will+ Dex+3}
MPRegen  0.17/turn              u - +6 ring of strength

@: about to teleport, studying Spellcasting, quick
A: big wings, [berserk 3], [blurry vision 3], [clumsy 2], [deformed body],
[deterioration 2], [dopey 2], [frail 3], [low mp 3], negative energy resistance
1, electricity resistance, [inhibited regeneration], teleportitis 1[+2], [weak
2], unbreathing, petrification resistance, [no potion heal 3], miasma immunity,
[subdued magic 2], AC +20
}: 3/15 runes: decaying, serpentine, silver
a: Fly, Renounce Religion, Evoke Invisibility, Heroism, Finesse


You were on level 2 of the Abyss.
You worshipped Okawaru.
Okawaru was extremely pleased with you.
You visited 9 branches of the dungeon, and saw 45 of its levels.
You visited the Abyss 1 time.
You visited 1 bazaar.
You also visited: Bailey, Ice Cave and Volcano.

You collected 7020 gold pieces.
You spent 3058 gold pieces at shops.

Inventory:

Hand Weapons
 e - the +10 flail of Debt (weapon) {vorpal, rN+ Will+ MP-9 Str+4}
   (You found it on level 3 of the Elven Halls)

   It inflicts extra damage upon your enemies.
   It affects your strength (+4).
   It protects you from negative energy.
   It affects your willpower, your defense against some magical effects.
   It affects your magic capacity (-9).
 K - the +6 mace of the Slashing Visionary {holy, rPois rC++}
   (You found it on level 3 of the Elven Halls)

   It has been blessed by the Shining One to cause great damage to the undead
   and demons.
   It greatly protects you from cold.
   It protects you from poison.
 P - the +10 war axe of Evil {freeze, rN+ Str+4}
   (You found it on level 2 of the Elven Halls)

   It has been specially enchanted to freeze those struck by it, causing extra
   injury to most foes and up to half again as much damage against particularly
   susceptible opponents.
   It can also slow down cold-blooded creatures.
   It affects your strength (+4).
   It protects you from negative energy.
Missiles
 W - 20 silver javelins (quivered)
Armour
 a - the +3 plate armour of the New World (worn) {+Inv rF++ Slay+2}
   (You bought it in a shop on level 2 of the Orcish Mines)

   It affects your accuracy and damage with ranged weapons and melee attacks
   (+2).
   It greatly protects you from fire.
   It lets you turn invisible.
 o - the +2 helmet of the Bells (worn) {rC- rN+++ rCorr Stlth+}
   (You acquired it on level 14 of the Dungeon)

   It makes you vulnerable to cold.
   It renders you almost immune to negative energy.
   It provides partial protection from all sources of acid and corrosion.
   It makes you more stealthy.
 D - a +2 kite shield of protection (worn)
 E - a +1 cloak of willpower (worn)
 I - a +0 pair of boots of running (worn)
 J - a scarf of repulsion
 Q - a +2 pair of gloves of strength (worn)
Jewellery
 m - the ring of Autumn (left hand) {Wiz rC+ Will+ Dex+3}
   (You took it off a human on level 13 of the Dungeon)

   [ring of wizardry]

   It improves your spell success rate.
   It affects your dexterity (+3).
   It protects you from cold.
   It affects your willpower, your defense against some magical effects.
 u - a +6 ring of strength (right hand)
 G - the ring of Ytaiss {rC+ Dex+3 Slay+2}
   (You took it off a deep elf high priest on level 5 of the Vaults)

   [ring of protection from cold]

   It affects your dexterity (+3).
   It affects your accuracy and damage with ranged weapons and melee attacks
   (+2).
   It protects you from cold.
 O - an amulet of guardian spirit (around neck)
 X - an uncursed ring of protection from cold
Wands
 q - a wand of disintegration (41)
 t - a wand of flame (136)
 y - a wand of enslavement (30)
 C - a wand of polymorph (42)
 H - a wand of random effects (28)
 L - a wand of digging (13)
 U - a wand of paralysis (50)
 Y - a wand of acid (15)
Scrolls
 g - 4 scrolls of brand weapon
 h - 16 scrolls of remove curse
 j - 6 scrolls of fear
 k - 2 scrolls of holy word
 l - 18 scrolls of amnesia
 n - 9 scrolls of teleportation
 p - 5 scrolls of blinking
 r - 2 scrolls of enchant weapon
 w - 30 scrolls of identify
 x - 3 scrolls of enchant armour
 A - 8 scrolls of magic mapping
 B - 2 scrolls of silence
 M - a scroll of acquirement
 N - 2 scrolls of summoning
 V - 7 scrolls of fog
Potions
 b - 7 potions of heal wounds
 c - a potion of ambrosia
 d - 7 potions of might
 f - 21 potions of curing
 i - 10 potions of brilliance
 s - 7 potions of berserk rage
 v - 4 potions of haste
 F - 3 potions of resistance
 S - 4 potions of magic
 Z - 2 potions of cancellation
Books
 z - a manual of Spellcasting


   Skills:
 + Level 20.6 Fighting
 - Level 4.6(5.2) Short Blades
 - Level 3.6(4.7) Long Blades
 - Level 5.5(9.9) Axes
 - Level 13.5(14.0) Maces & Flails
 - Level 12.0 Throwing
 + Level 20.6 Armour
 - Level 10.0 Dodging
 - Level 15.0 Shields
 + Level 16.1 Spellcasting
 - Level 14.0 Conjurations
 - Level 3.2 Hexes
 + Level 13.4 Summonings
 + Level 11.9 Fire Magic
 + Level 15.2 Ice Magic
 - Level 8.0 Invocations


You had 39 spell levels left.
You knew the following spells:

 Your Spells              Type           Power        Failure   Level
a - Summon Ice Beast      Ice/Summ       25%          1%          4
b - Ozocubu's Armour      Ice            26%          1%          3
c - Hailstorm             Conj/Ice       25%          1%          4
d - Frozen Ramparts       Ice            52%          1%          3
e - Fireball              Conj/Fire      11%          1%          5

Your spell library contained the following spells:

 Spells                   Type           Power        Failure   Level
 Foxfire                  Conj/Fire      92%          0%          1
 Freeze                   Ice            100%         0%          1
 Magic Dart               Conj           96%          0%          1
 Summon Small Mammal      Summ           96%          0%          1
 Corona                   Hex            11%          1%          1
 Shock                    Conj/Air       60%          1%          1
 Call Imp                 Summ           24%          1%          2
 Ensorcelled Hibernation  Hex/Ice        36%          1%          2
 Call Canine Familiar     Summ           24%          1%          3
 Conjure Flame            Conj/Fire      23%          1%          3
 Dazzling Flash           Conj/Hex       34%          1%          3
 Inner Flame              Hex/Fire       16%          1%          3
 Static Discharge         Conj/Air       15%          1%          3
 Summon Guardian Golem    Hex/Summ       17%          1%          3
 Sticky Flame             Conj/Fire      23%          1%          4
 Iskenderun's Battlesphe  Conj           24%          1%          5
 Summon Demon             Summ           12%          1%          5
 Ozocubu's Refrigeration  Ice            13%          1%          6
 Slow                     Hex            10%          2%          2
 Mephitic Cloud           Conj/Pois/Air  11%          2%          3
 Ignite Poison            Fire/Tmut/Pois 11%          3%          3
 Iskenderun's Mystic Bla  Conj/Tloc      15%          3%          4
 Summon Lightning Spire   Summ/Air       14%          4%          4
 Metabolic Englaciation   Hex/Ice        9%           4%          5
 Shadow Creatures         Summ           N/A          4%          6
 Starburst                Conj/Fire      11%          4%          6
 Confusing Touch          Hex            10%          5%          3
 Tukima's Dance           Hex            10%          5%          3
 Bolt of Magma            Conj/Fire/Erth 8%           5%          5
 Animate Skeleton         Necr           10%          6%          1
 Apportation              Tloc           10%          6%          1
 Beastly Appendage        Tmut           10%          6%          1
 Pain                     Necr           20%          6%          1
 Sting                    Tmut/Pois      20%          6%          1
 Summon Mana Viper        Hex/Summ       17%          6%          5
 Corpse Rot               Necr/Air       N/A          11%         2
 Poisonous Vapours        Pois/Air       10%          11%         2
 Swiftness                Air            5%           11%         2
 Portal Projectile        Hex/Tloc       14%          11%         3
 Irradiate                Conj/Tmut      7%           11%         5
 Lightning Bolt           Conj/Air       7%           11%         5
 Summon Forest            Summ/Tloc      7%           12%         5
 Cause Fear               Hex            5%           19%         4
 Orb of Destruction       Conj           12%          19%         7
 Gell's Gravitas          Tloc           2%           21%         3
 Teleport Other           Tloc           5%           21%         3
 Freezing Cloud           Conj/Ice/Air   9%           21%         6
 Spellforged Servitor     Conj/Summ      12%          21%         7
 Summon Hydra             Summ           12%          22%         7
 Leda's Liquefaction      Hex/Erth       3%           34%         4
 Conjure Ball Lightning   Conj/Air       7%           52%         6
 Iron Shot                Conj/Erth      7%           52%         6
 Airstrike                Air            2%           56%         4
 Dispel Undead            Necr           5%           56%         4
 Olgreb's Toxic Radiance  Pois           5%           56%         4
 Petrify                  Tmut/Erth      5%           56%         4
 Silence                  Hex/Air        3%           69%         5
 Yara's Violent Unravell  Hex/Tmut       3%           69%         5
 Blade Hands              Tmut           2%           88%         5
 Excruciating Wounds      Necr           2%           88%         5
 Ignition                 Fire           11%          97%         8
 Malign Gateway           Summ/Tloc      7%           98%         7
 Eringya's Noxious Bog    Tmut/Pois      2%           100%        6
 Hydra Form               Tmut           2%           100%        6
 Dragon Form              Tmut           2%           100%        7
 Chain Lightning          Conj/Air       7%           100%        8
 Discord                  Hex            5%           100%        8
 Lehudib's Crystal Spear  Conj/Erth      7%           100%        8
 Absolute Zero            Ice            13%          100%        9
 Dragon's Call            Summ           12%          100%        9
 Fire Storm               Conj/Fire      11%          100%        9
 Shatter                  Erth           2%           100%        9
 Tornado                  Air            2%           100%        9
 Sublimation of Blood     Necr           Unusable     N/A         2
 Statue Form              Tmut/Erth      Unusable     N/A         6

Dungeon Overview and Level Annotations

Branches:
Dungeon (15/15)            Temple (0/1) D:4            Lair (6/6) D:9
  Swamp (4/4) Lair:2        Snake (4/4) Lair:4        Slime (0/5) Lair:6
    Orc (2/2) D:12            Elf (3/3) Orc:2        Vaults (5/5) D:13
  Crypt (0/3) Vaults:3     Depths (5/5) D:15           Hell (visited)
    Coc (0/7) Hell            Zot (0/5) Depths:5     Bailey (visited)
  IceCv (visited)         Volcano (visited)
    Dis: Hell:1         Geh: Hell:1         Tar: Hell:1

Altars:
Ashenzari
Kikubaaqudgha
Okawaru
Ru
Sif Muna
Trog
Vehumet
Wu Jian
Xom
Yredelemnul
Zin
The Shining One
Beogh
Jiyva

Shops:
D:4 !   D:10 =   D:12 !   Orc:2 (=[*   Elf:3 }[*   Snake:3 *   Snake:4 }[}:(
Vaults:2 !   Depths:3 =}}   Depths:4 }[:![   Depths:5 (

Portals:
Hell: Depths:1 Depths:2 Depths:3 Depths:4 Depths:5
Abyss: D:14 Depths:1 Depths:4 Depths:5
Pandemonium: Depths:3
Ziggurat: Depths:5

Annotations:
D:14 2 transporters, Luucrez's ghost, journeyman MiFi
Lair:3 exclusion: 2 oklob plants
Elf:1 3 transporters
Hell exclusion: 2 ice statues


Innate Abilities, Weirdness & Mutations

You are resistant to torment.
Your stone body is resilient. (AC +20)
You are immune to poison.
Your large and strong wings let you fly indefinitely.
You resist negative energy. (rN+)
You are resistant to electric shocks. (rElec)
You can survive without breathing.
You are immune to petrification.
You are immune to miasma.
[You have an uncontrollable temper.]
[Scrolls take you much longer to read.]
[You are very clumsy. (Dex -4)]
[Armour fits poorly on your strangely shaped body.]
[Your body often deteriorates upon taking damage.]
[You are very dopey. (Int -4)]
[You are extremely frail. (-30% HP)]
[Your magical capacity is extremely low. (-30% MP)]
[You do not regenerate when monsters are visible.]
[You are often teleported next to monsters.]
[You are very weak. (Str -4)]
[Potions cannot restore your health.]
[Your spells are easier to cast, but less powerful.]


Message History

As you read the scroll of teleportation, it crumbles to dust.
You feel strangely unstable.
You feel the power of the Abyss delaying your translocation!
Something barely misses you. The starcursed mass barely misses you.
The frost giant zombie hits you but does no damage.
You block the starcursed mass's attack.
Okay, then.
Casting: Hailstorm (safe; 1% risk of failure)
Confirm with . or Enter, or press ? or * to list all spells.
You don't have enough magic to cast that spell.
Something completely misses you.
The will-o-the-wisp gestures.
The will-o-the-wisp conjures some foxfire!
A cacophony of accursed wailing tears at your sanity!
* * * LOW HITPOINT WARNING * * *
You shrug off the repeated paralysis! 2 foxfires come into view.
The foxfire hits you but does no damage.
The foxfire hits you. You resist.
You die...

## #. .##.#.... #. .##.
. . ..## #. ..... ..
...X.##. ##. .....#
#... # .#. . ..# ##§###
..#. #......
#§§v@#x....
..#.X..######.v......#
. ......X.XXXX......#
............ZX........#
. ..
.#.....XXX...#.≈...
.... ..................
'### ###...............
...# #...............
..... #.............


You could see 10 starcursed masses, a will-o-the-wisp and a frost giant zombie.

Vanquished Creatures
  Mara (Depths:3)
  2 ancient liches
  Boris (Vaults:3)
  Bai Suzhen (Swamp:3)
  Sojobo (Depths:3)
  Margery (Vaults:3)
  A caustic shrike (Depths:4)
  Saint Roka (Elf:2)
  9 golden dragons
  Nikola (Vaults:3)
  A bone dragon (Depths:5)
  Geryon (Hell)
  Rupert (Vaults:4)
  7 liches
  2 Ice Fiends (IceCv)
  11 tentacled monstrosities
  2 deep elf blademasters (Elf:3)
  Asterion (Vaults:1)
  8 titans
  3 deep elf master archers (Elf:3)
  2 sphinxes
  17 tengu reavers
  A thorn hunter (Swamp:4)
  An ancient champion (Vaults:4)
  A shadow dragon (Depths:2)
  Donald (Swamp:3)
  A large abomination (Vaults:5)
  7 storm dragons
  6 fire giants
  An azure jelly (Snake:2)
  8 nagarajas
  12 frost giants
  3 iron dragons
  6 deep elf sorcerers
  An orc warlord (Orc:2)
  13 vault wardens
  A cacodemon (Hell)
  3 balrugs (Hell)
  Aizul (Swamp:2)
  2 draconian shifters (Depths:5)
  5 deep elf elementalists
  2 spriggan defenders
  A draconian annihilator (Depths:5)
  17 very ugly things
  18 ironheart preservers
  3 vampire knights
  4 war gargoyles
  Nessos (D:13)
  12 deep elf demonologists
  23 stone giants
  4 bunyips
  The ghost of Qoypruj the Cruncher, a journeyman MiGl of the Shining One (Lair:5)
  6 deep elf annihilators
  An entropy weaver (Vaults:4)
  7 spark wasps
  A red draconian (Depths:5)
  11 deep elf death magi
  3 white draconians (Depths:5)
  19 ettins
  A blizzard demon (Hell)
  13 fire dragons
  8 eleionomae
  6 great orbs of eyes
  14 deep elf high priests
  17 yaktaur captains
  The ghost of kalagan the Thaumaturge, a journeyman DECj of Sif Muna (Lair:4)
  22 ogre magi
  12 ice dragons
  33 vault guards
  10 boulder beetles
  2 shambling mangroves (Swamp:4)
  Erolcha (D:12)
  14 naga warriors
  7 rakshasas
  2 spriggan air magi
  19 hydras
  6 ghost crabs
  Fannar (Lair:2)
  15 centaur warriors
  9 anacondas
  A catoblepas (Lair:6)
  46 two-headed ogres
  The ghost of candy the Cleaver, a novice MiBe of Trog (Lair:1)
  7 alligators
  24 dancing weapons
  13 tengu warriors
  The ghost of Linguinho the Basher, a journeyman GrFi (Lair:2)
  A death knight (Vaults:3)
  4 vampire magi
  17 naga sharpshooters
  10 death yaks
  6 deep troll earth magi
  5 orc high priests
  7 deep troll shamans
  3 shock serpents (Snake:2)
  2 iron golems (Hell)
  4 soul eaters
  3 spriggan berserkers
  6 sun demons
  14 spriggans
  25 deep elf knights
  A fire crab (Lair:6)
  3 skeletal warriors (Vaults:2)
  19 hell knights
  3 salamander mystics
  28 deep trolls
  2 tengu zombies (Vaults:3)
  4 goliath frogs
  An anaconda zombie (Hell)
  4 iron trolls
  A storm dragon skeleton (Vaults:3)
  3 flayed ghosts
  8 glowing orange brains
  7 bog bodies
  2 unseen horrors
  2 spriggan druids (Swamp:4)
  10 naga ritualists
  13 swamp dragons
  A swamp dragon (shapeshifter) (Depths:2)
  19 ironbrand convokers
  A lindwurm (shapeshifter) (Vaults:5)
  2 phantasmal warriors
  8 necromancers
  19 orc knights
  A harpy (Vaults:3)
  24 deep elf archers
  10 wizards
  A shadow dragon skeleton (Depths:2)
  7 orc sorcerers
  5 wolf spiders
  A harpy (shapeshifter) (Depths:4)
  4 cyclopes
  A human zombie (Vaults:3)
  11 mana vipers
  3 manticores
  85 deep elf magi
  2 tengu skeletons
  A salamander (shapeshifter) (Vaults:3)
  53 ugly things
  7 will-o-the-wisps
  9 salamanders
  5 toenail golems (Volcano)
  An iron dragon skeleton (Depths:2)
  Maurice (D:12)
  32 black mambas
  A frost giant skeleton (Vaults:1)
  A human skeleton (Vaults:3)
  2 guardian serpents (shapeshifter)
  3 orange demons (Hell)
  2 guardian serpents
  8 rust devils
  17 vault sentinels
  A fire giant skeleton (Vaults:3)
  A black mamba (shapeshifter) (D:15)
  2 ice statues (IceCv)
  25 naga magi
  2 smoke demons (Hell)
  2 torpor snails (shapeshifter)
  A torpor snail (Lair:6)
  2 cane toads (shapeshifter)
  2 yaktaur zombies
  A molten gargoyle (Elf:3)
  44 yaktaurs
  36 cane toads
  8 freezing wraiths
  12 komodo dragons
  A demonic crawler (Hell)
  5 rime drakes
  3 hellions (Hell)
  3 komodo dragons (shapeshifter)
  15 ice devils
  8 red devils (Hell)
  A spriggan skeleton (Depths:2)
  An entropy weaver simulacrum (Vaults:1)
  4 small abominations
  10 tengu conjurers
  A jumping spider (Vaults:4)
  A meliai (shapeshifter) (Vaults:5)
  19 hornets
  2 slime creatures (shapeshifter)
  Grinder (D:4)
  3 polar bears
  A raiju (Abyss:2)
  19 blink frogs
  6 trolls
  11 tyrant leeches
  An alligator zombie (Hell)
  10 slime creatures
  A hornet (shapeshifter) (Elf:1)
  A spriggan zombie (Hell)
  5 dream sheep (Lair:5)
  A dream sheep (shapeshifter) (Vaults:1)
  2 snapping turtles (shapeshifter)
  A redback (Vaults:4)
  A centaur simulacrum (D:15)
  An air elemental (Elf:3)
  7 water elementals
  5 wyverns
  A shadow (D:12)
  A vampire (D:9)
  A basilisk (shapeshifter) (Vaults:1)
  6 fire elementals
  7 wraiths
  31 yaks
  5 basilisks
  A hog (shapeshifter) (Vaults:3)
  15 humans (D:13)
  A human (shapeshifter) (Depths:5)
  4 human simulacra
  9 vampire mosquitoes
  A steam dragon (D:10)
  A warg (shapeshifter) (D:14)
  19 swamp worms
  52 nagas
  5 acid dragons
  A hydra simulacrum (Lair:5)
  7 wargs
  A soldier ant (D:15)
  21 water moccasins
  A cane toad skeleton (Hell)
  Duvessa (D:4)
  5 hell hounds (Hell)
  A floating eye (Depths:2)
  58 orc warriors
  A swamp drake (shapeshifter) (Vaults:2)
  A hornet zombie (D:12)
  4 swamp drakes
  3 phantoms
  2 sky beasts
  A boulder beetle simulacrum (Vaults:3)
  7 ice beasts
  40 ogres
  An ettin simulacrum (Vaults:1)
  An eye of draining (shapeshifter) (Vaults:4)
  5 black bears
  2 eyes of draining
  6 boggarts
  8 wolves
  A necrophage (D:8)
  35 centaurs
  A big kobold (shapeshifter) (Elf:2)
  3 earth elementals (Elf:1)
  2 big kobolds (D:11)
  33 bullfrogs
  A water moccasin zombie (D:6)
  A cane toad simulacrum (Lair:5)
  2 gnoll sergeants
  Dowan (D:4)
  A water moccasin skeleton (D:8)
  5 scorpions
  2 dream sheep simulacra (Lair:5)
  8 killer bees
  21 wights
  5 howler monkeys
  3 electric eels
  3 bullfrog zombies
  A komodo dragon simulacrum (Lair:5)
  A quasit (D:14)
  7 bullfrog skeletons
  3 centaur zombies
  8 hounds
  3 jellies
  10 centaur skeletons
  8 iguanas
  23 orc priests
  Jessica (D:2)
  44 orc wizards
  13 worker ants
  10 hell rats
  A killer bee zombie (D:5)
  A hound skeleton (D:11)
  15 gnolls
  19 adders
  2 shadow imps
  16 white imps
  3 ufetubi
  An adder skeleton (D:5)
  2 adder zombies
  3 worms
  2 dart slugs
  4 leopard geckos
  159 orcs
  7 bats
  4 giant cockroaches
  7 goblins
  7 hobgoblins
  8 jackals
  16 kobolds
  4 quokkas
  3 ball pythons
  A frilled lizard (D:1)
  2 jackal skeletons
  A leopard gecko skeleton (D:5)
  A quokka zombie (D:5)
  11 rats
  A crawling corpse (Elf:3)
  A starspawn tentacle (Abyss:2)
2345 creatures vanquished.

Vanquished Creatures (collateral kills)
  A human (D:13)
  An ogre (D:13)
  A bullfrog (D:13)
3 creatures vanquished.

Vanquished Creatures (others)
  A deep elf demonologist (Elf:3)
  A deep elf mage (Vaults:5)
  A necromancer (Depths:2)
  A rime drake (Swamp:4)
  A red devil (Hell)
  A bloated husk (Swamp:1)
  A troll (Vaults:4)
  2 nagas (Snake:4)
  4 orc warriors
  An ogre (Vaults:2)
  A boggart (Depths:4)
  3 white imps (IceCv)
  3 ufetubi (IceCv)
  5 orcs
  6 briar patches (Swamp:4)
  A bush (Elf:3)
  51 foxfires
  25 fungi
  114 plants
  14 starspawn tentacles (Abyss:2)
237 creatures vanquished.

Grand Total: 2585 creatures vanquished

Notes
Turn   | Place    | Note
-------+----------+-------------------------------------------
     0 | D:1      | gnacko the Gargoyle Fighter began the quest for the Orb.
     0 | D:1      | Reached XP level 1. HP: 14/14 MP: 1/1
   182 | D:1      | Reached XP level 2. HP: 14/19 MP: 2/2
   608 | D:1      | Reached XP level 3. HP: 20/24 MP: 3/3
  1045 | D:2      | Reached XP level 4. HP: 27/29 MP: 4/4
  1108 | D:2      | Noticed Jessica
  1121 | D:2      | Killed Jessica
  1266 | D:2      | Found a faded altar of an unknown god.
  1329 | D:2      | Found an iron altar of Okawaru.
  1353 | D:2      | Reached XP level 5. HP: 33/33 MP: 5/5
  1369 | D:2      | Became a worshipper of Warmaster Okawaru
  2144 | D:3      | Reached skill level 1 in Invocations
  2409 | D:4      | Found Rerotax's Distillery.
  2537 | D:4      | Noticed an ogre
  2545 | D:4      | Killed an ogre
  2546 | D:4      | Reached XP level 6. HP: 11/39 MP: 5/7
  2887 | D:4      | Found a sacrificial altar of Ru.
  2937 | D:4      | Noticed Duvessa
  2938 | D:4      | Found a bloodstained altar of Trog.
  2940 | D:4      | Noticed Grinder
  2950 | D:4      | Killed Duvessa
  2950 | D:4      | Reached * piety under Okawaru
  2951 | D:4      | Reached XP level 7. HP: 39/44 MP: 8/8
  2957 | D:4      | Paralysed by Grinder for 2 turns
  2961 | D:4      | Noticed Dowan
  2968 | D:4      | Paralysed by Grinder for 6 turns
  2979 | D:4      | Killed Grinder
  2980 | D:4      | Reached skill level 5 in Fighting
  2980 | D:4      | Reached skill level 5 in Armour
  2980 | D:4      | Reached skill level 5 in Shields
  2983 | D:4      | Killed Dowan
  3089 | D:4      | Found a shimmering blue altar of Sif Muna.
  3093 | D:4      | Identified Sif Muna's Reference Book on Necromancy
  3169 | D:4      | Found a staircase to the Ecumenical Temple.
  3180 | D:4      | Found a broken altar of Ashenzari.
  3672 | D:5      | Entered Level 5 of the Dungeon
  3950 | D:5      | Reached XP level 8. HP: 31/50 MP: 3/10
  4135 | D:5      | Reached ** piety under Okawaru
  4136 | D:5      | Reached skill level 1 in Axes
  4406 | D:5      | Reached skill level 1 in Throwing
  5254 | D:6      | Reached XP level 9. HP: 27/56 MP: 2/12
  6082 | D:7      | Reached *** piety under Okawaru
  6350 | D:7      | Reached skill level 5 in Invocations
  7610 | D:8      | Found a shimmering altar of Xom.
  7855 | D:8      | Reached **** piety under Okawaru
  7856 | D:8      | Reached XP level 10. HP: 60/63 MP: 4/14
  8282 | D:8      | Found a glowing silver altar of Zin.
  8650 | D:9      | Found a staircase to the Lair.
  8711 | D:9      | Received a gift from Okawaru
  9004 | D:9      | Reached ***** piety under Okawaru
  9124 | D:9      | Found an ornate altar of the Wu Jian Council.
  9145 | D:9      | Reached skill level 5 in Axes
  9184 | D:9      | Identified the +5 scale mail "Beor" {Str-3 Int+2 Dex+3}
  9246 | D:8      | Noticed a rust devil
  9246 | D:8      | Noticed a rust devil
  9386 | D:9      | Killed a rust devil
  9404 | D:9      | Found a radiant altar of Vehumet.
  9501 | D:9      | Reached skill level 5 in Throwing
  9501 | D:9      | Reached XP level 11. HP: 69/69 MP: 16/16
  9511 | D:9      | Received a gift from Okawaru
  9620 | D:10     | Entered Level 10 of the Dungeon
  9640 | D:10     | Reached skill level 1 in Dodging
 10147 | D:10     | Noticed a purple ugly thing
 10154 | D:10     | Killed a purple ugly thing
 10161 | D:10     | Received a gift from Okawaru
 10448 | D:10     | Found Urunn's Jewellery Emporium.
 10635 | D:11     | Got a bloodstained morningstar
 10636 | D:11     | Identified the cursed +3 morningstar of the Tomato {venom,
                  | rElec Dex+7} (You found it on level 11 of the Dungeon)
 10720 | D:11     | Noticed a two-headed ogre
 10730 | D:11     | Killed a two-headed ogre
 10973 | D:11     | Reached skill level 1 in Spellcasting
 10973 | D:11     | Reached skill level 1 in Summonings
 11031 | D:11     | Noticed a manticore
 11130 | Lair:1   | Entered Level 1 of the Lair of Beasts
 11140 | Lair:1   | Noticed an eight-headed hydra
 11149 | Lair:1   | Killed an eight-headed hydra
 11210 | Lair:1   | Found a large runed translucent door.
 11210 | Lair:1   | Found a large runed translucent door.
 11210 | Lair:1   | Noticed a four-headed hydra
 11215 | Lair:1   | Killed a four-headed hydra
 11215 | Lair:1   | Received a gift from Okawaru
 11268 | Lair:1   | Noticed candy's ghost (novice MiBe)
 11869 | Lair:1   | Reached XP level 12. HP: 76/76 MP: 17/17
 11877 | Lair:1   | Found a shimmering blue altar of Sif Muna.
 11897 | Lair:1   | Reached skill level 5 in Maces & Flails
 12921 | Lair:1   | Killed candy's ghost
 13343 | Lair:2   | Noticed Linguinho's ghost (journeyman GrFi)
 13351 | Lair:2   | Found a transporter.
 13496 | Lair:2   | Noticed a seven-headed hydra
 13496 | Lair:2   | Noticed a six-headed hydra
 13517 | Lair:2   | Killed a seven-headed hydra
 13619 | Lair:2   | Killed a six-headed hydra
 13719 | Lair:2   | Found a staircase to the Swamp.
 13803 | Lair:2   | Noticed Fannar
 13814 | Lair:2   | Killed Fannar
 13814 | Lair:2   | Received a gift from Okawaru
 14001 | Lair:2   | Found a transporter.
 14637 | Lair:3   | Received a gift from Okawaru
 14665 | Lair:3   | Found a gate leading to a gauntlet.
 15064 | Lair:3   | Reached skill level 10 in Fighting
 15064 | Lair:3   | Reached XP level 13. HP: 71/82 MP: 19/19
 15295 | Lair:3   | Received a gift from Okawaru
 15301 | Lair:3   | Reached skill level 10 in Armour
 15639 | Lair:4   | Reached skill level 10 in Shields
 16037 | Lair:3   | Received a gift from Okawaru
 16052 | Lair:3   | Got a pitted rapier {god gift}
 16053 | Lair:3   | Identified the +7 rapier "Odiuseet" {vorpal, rF+} (Okawaru
                  | gifted it to you on level 3 of the Lair of Beasts)
 16935 | Lair:4   | Found a runed translucent door.
 16938 | Lair:4   | Noticed kalagan's ghost (journeyman DECj)
 16973 | Lair:4   | Reached skill level 1 in Short Blades
 17018 | Lair:4   | Found a staircase to the Snake Pit.
 17533 | Lair:4   | Killed kalagan's ghost
 17534 | Lair:4   | Reached skill level 1 in Ice Magic
 17839 | Lair:5   | Reached skill level 5 in Summonings
 17852 | Lair:5   | Received a gift from Okawaru
 17853 | Lair:5   | Reached skill level 5 in Dodging
 17916 | Lair:5   | Reached skill level 5 in Spellcasting
 17949 | Lair:5   | Noticed Qoypruj's ghost (journeyman MiGl)
 18195 | Lair:5   | Found a runed translucent gate.
 18195 | Lair:5   | Found a runed translucent gate.
 18195 | Lair:5   | Found a runed translucent gate.
 18215 | Lair:5   | You fall into a shaft and drop 1 floor!
 18215 | Lair:6   | Entered Level 6 of the Lair of Beasts
 18236 | Lair:6   | Gained mutation: Your large and strong wings let you fly
                  | indefinitely. [Gargoyle growth]
 18236 | Lair:6   | Reached XP level 14. HP: 75/88 MP: 21/21
 19886 | Lair:6   | Received a gift from Okawaru
 19980 | Lair:6   | Found a staircase to the Slime Pits.
 19980 | Lair:6   | Found a viscous altar of Jiyva.
 20003 | Lair:6   | Received a gift from Okawaru
 20444 | Lair:6   | Got a scorched ring mail
 20455 | Lair:6   | Identified the +5 ring mail of Bapid {Str+5 Dex+4} (You
                  | found it on level 6 of the Lair of Beasts)
 22165 | Lair:5   | Killed Qoypruj's ghost
 22201 | Lair:5   | Got the ring "Ocupnita" {Fire}
 22334 | Lair:2   | Identified the ring "Ocupnita" {Fire Will+ Str+4 Int-3
                  | SInv} (You found it on level 5 of the Lair of Beasts)
 22370 | Lair:2   | Killed Linguinho's ghost
 22370 | Lair:2   | Received a gift from Okawaru
 22468 | Lair:2   | Identified Sif Muna's Almanac of the Damaging Escort
 23457 | D:12     | Reached XP level 15. HP: 56/95 MP: 21/24
 23695 | D:12     | Noticed Maurice
 23704 | D:12     | Killed Maurice
 24325 | D:12     | Found a staircase to the Orcish Mines.
 24345 | D:12     | Received a gift from Okawaru
 24464 | D:12     | Found Awnafal's Distillery.
 24584 | D:12     | Noticed Erolcha
 24592 | D:12     | Killed Erolcha
 24862 | D:13     | Found a gate to the Vaults.
 24862 | D:13     | Noticed Nessos
 25325 | D:13     | Identified the ring of Autumn {Wiz rC+ Will+ Dex+3}
 25366 | D:13     | Learned a level 4 spell: Summon Ice Beast
 25549 | D:13     | Killed Nessos
 25745 | D:13     | Reached skill level 5 in Ice Magic
 26257 | D:14     | Reached skill level 1 in Hexes
 26376 | D:14     | Found a flagged portal.
 26386 | Bailey   | Entered a bailey
 26937 | D:14     | Received a gift from Okawaru
 27121 | D:14     | Found a transporter.
 27135 | D:14     | Noticed Luucrez's ghost (journeyman MiFi)
 27163 | D:14     | Found a one-way gate to the infinite horrors of the Abyss.
 27179 | D:14     | Found a transporter.
 27710 | D:14     | Identified the +5 demon whip of Obsession {distort, rC-
                  | Str+6}
 27862 | Orc:1    | Entered Level 1 of the Orcish Mines
 28316 | Orc:2    | Entered Level 2 of the Orcish Mines
 28330 | Orc:2    | Received a gift from Okawaru
 28361 | Orc:2    | Found a staircase to the Elven Halls.
 28396 | Orc:2    | Found a dark tunnel.
 28411 | Volcano  | Entered a volcano
 28634 | Volcano  | Reached ****** piety under Okawaru
 28634 | Volcano  | Received a gift from Okawaru
 28635 | Volcano  | Got a jewelled demon whip {god gift}
 28637 | Volcano  | Identified the +6 demon whip of Okawaru's Pride {flame,
                  | rC+} (Okawaru gifted it to you in a volcano)
 29159 | Orc:2    | Identified a scroll of acquirement
 29315 | Orc:2    | Reached XP level 16. HP: 91/101 MP: 26/26
 29757 | Orc:2    | Found a roughly hewn altar of Beogh.
 30115 | Orc:2    | Found Buesimy's Antique Armour Emporium.
 30116 | Orc:2    | Found Nushum's Antique Weapon Shoppe.
 30118 | Orc:2    | Found Rusis's General Store.
 30118 | Orc:2    | Found Kajameas's Jewellery Emporium.
 30260 | Orc:2    | Received a gift from Okawaru
 30275 | Orc:2    | Got a fading plate armour {god gift}
 30286 | Orc:2    | Identified the +8 plate armour "Uxzugauc" {-Cast rF+++
                  | Str+2 Dex-2} (Okawaru gifted it to you on level 2 of the
                  | Orcish Mines)
 31070 | Snake:1  | Entered Level 1 of the Snake Pit
 31847 | Snake:1  | Received a gift from Okawaru
 32047 | Snake:2  | Found a frozen archway.
 32047 | Snake:2  | Noticed an azure jelly
 32063 | Snake:2  | Killed an azure jelly
 32260 | IceCv    | Entered an ice cave
 32633 | IceCv    | Noticed an Ice Fiend
 32633 | IceCv    | Noticed an Ice Fiend
 32650 | IceCv    | Killed an Ice Fiend
 32664 | IceCv    | Killed an Ice Fiend
 33162 | Snake:2  | Received a gift from Okawaru
 33293 | Snake:2  | Noticed a nagaraja
 33328 | Snake:2  | Reached XP level 17. HP: 66/108 MP: 15/28
 33340 | Snake:2  | Received a gift from Okawaru
 33381 | Snake:2  | Reached skill level 10 in Throwing
 33712 | Snake:2  | Received a gift from Okawaru
 33733 | Snake:2  | Reached skill level 10 in Maces & Flails
 33991 | Snake:2  | Received a gift from Okawaru
 34471 | Snake:2  | Identified a +0 pair of boots of running (Okawaru gifted it
                  | to you on level 2 of the Snake Pit)
 34728 | Snake:3  | Found Acykluet's Assorted Antiques.
 35060 | Snake:4  | Entered Level 4 of the Snake Pit
 35297 | Snake:4  | Found Vedoemup's Book Boutique.
 35353 | Snake:4  | Found Logeowal's Gadget Boutique.
 35465 | Snake:4  | Found Ompipsy's Armour Shoppe.
 35543 | Snake:4  | Found Asutunox's Gadget Shop.
 35694 | Snake:4  | Received a gift from Okawaru
 35707 | Snake:4  | Reached skill level 15 in Shields
 35825 | Snake:4  | Received a gift from Okawaru
 35847 | Snake:4  | Reached XP level 18. HP: 114/116 MP: 29/29
 36124 | Snake:4  | Received a gift from Okawaru
 36189 | Snake:4  | Got a serpentine rune of Zot
 36412 | Snake:4  | Found Maisad's Weapon Shop.
 36918 | Orc:2    | Bought the +3 plate armour of the New World {+Inv rF++
                  | Slay+2} for 934 gold pieces
 36929 | Orc:2    | Bought a glowing scarf for 200 gold pieces
 37294 | Snake:4  | Bought a book of Frost for 630 gold pieces
 37298 | Snake:4  | Learned a level 3 spell: Ozocubu's Armour
 37303 | Snake:4  | Learned a level 4 spell: Hailstorm
 37307 | Snake:4  | Learned a level 3 spell: Frozen Ramparts
 37503 | Swamp:1  | Entered Level 1 of the Swamp
 37546 | Swamp:1  | Reached skill level 1 in Conjurations
 37556 | Swamp:1  | Received a gift from Okawaru
 37768 | Swamp:1  | Received a gift from Okawaru
 38031 | Swamp:1  | Found a bloodstained altar of Trog.
 38282 | Swamp:2  | Received a gift from Okawaru
 38357 | Swamp:2  | You are sucked into a shaft and drop 1 floor!
 38445 | Swamp:3  | Noticed Bai Suzhen
 38465 | Swamp:3  | Killed Bai Suzhen
 38465 | Swamp:3  | Received a gift from Okawaru
 38591 | Swamp:2  | Noticed Aizul
 38614 | Swamp:2  | Killed Aizul
 39488 | Swamp:3  | Noticed Donald
 39502 | Swamp:3  | Killed Donald
 39666 | Swamp:3  | Reached skill level 5 in Conjurations
 40147 | Swamp:4  | Entered Level 4 of the Swamp
 40394 | Swamp:4  | Reached XP level 19. HP: 59/123 MP: 27/31
 40981 | Swamp:4  | Reached skill level 15 in Fighting
 40993 | Swamp:4  | Received a gift from Okawaru
 41032 | Swamp:4  | Received a gift from Okawaru
 41050 | Swamp:4  | Reached skill level 15 in Armour
 41094 | Swamp:4  | Received a gift from Okawaru
 41812 | Swamp:4  | Got a decaying rune of Zot
 42224 | D:15     | Entered Level 15 of the Dungeon
 42227 | D:14     | Acquired the +2 helmet of the Bells {rC- rN+++ rCorr
                  | Stlth+}
 42928 | D:15     | Received a gift from Okawaru
 42938 | D:15     | Got a masterwork quarterstaff {god gift}
 42944 | D:15     | Identified the +4 quarterstaff of Okawaru's Pride {vamp,
                  | Will+} (Okawaru gifted it to you on level 15 of the
                  | Dungeon)
 43036 | D:15     | Found a staircase to the Depths.
 43402 | Depths:1 | Entered Level 1 of the Depths
 43413 | Depths:1 | You are sucked into a shaft and drop 1 floor!
 43879 | Depths:2 | Received a gift from Okawaru
 43944 | Depths:2 | Received a gift from Okawaru
 44165 | Depths:2 | Reached XP level 20. HP: 68/130 MP: 17/33
 44513 | Depths:2 | Paralysed by a floating eye for 4 turns
 45603 | Depths:2 | Found a gateway to Hell.
 46136 | Depths:2 | Found a runed translucent door.
 46250 | Depths:2 | Identified the +6 spear "Gargoyle's Doom" {holy, Stlth+}
 46285 | Depths:2 | Received a gift from Okawaru
 46593 | Depths:2 | Got a translucent ring mail {god gift}
 46604 | Depths:2 | Identified the +3 ring mail of Shadows and Fog {-Cast +Inv
                  | rC++ MP+9} (Okawaru gifted it to you on level 2 of the
                  | Depths)
 46878 | Depths:1 | You fall into a shaft and drop 1 floor!
 47130 | Depths:1 | Reached skill level 1 in Fire Magic
 47135 | Depths:1 | Reached skill level 10 in Spellcasting
 47166 | Depths:1 | Found a glowing golden altar of the Shining One.
 47416 | Depths:1 | Reached skill level 10 in Conjurations
 47433 | Depths:1 | Reached XP level 21. HP: 111/136 MP: 32/35
 48238 | Depths:3 | Received a gift from Okawaru
 48239 | Depths:3 | Got a pitted demon whip {god gift}
 48240 | Depths:3 | Identified the +1 demon whip of the Leaping Soothsayer
                  | {pain, rC+ Stlth+} (Okawaru gifted it to you on level 3 of
                  | the Depths)
 48304 | Depths:3 | Noticed Sojobo
 48346 | Depths:3 | Killed Sojobo
 48347 | Depths:3 | Reached skill level 10 in Ice Magic
 48432 | Depths:3 | Noticed Mara
 48463 | Depths:3 | Noticed gnacko's illusion
 48664 | Depths:3 | Noticed gnacko's illusion
 48697 | Depths:3 | Noticed gnacko's illusion
 48714 | Depths:3 | Noticed gnacko's illusion
 48740 | Depths:3 | Killed Mara
 48741 | Depths:3 | Reached skill level 10 in Summonings
 48954 | Depths:3 | Found Maptod's Gadget Emporium.
 48958 | Depths:3 | Found Peifel's Jewellery Shop.
 48959 | Depths:3 | Found Cuyrchet's Gadget Emporium.
 49169 | Depths:3 | Identified the Volume of the Displaced Snowflakes
 49203 | Depths:3 | Received a gift from Okawaru
 49226 | Depths:3 | Identified Olab's Catalogue of Transmutation
 49239 | Depths:3 | Found a shimmering blue altar of Sif Muna.
 49241 | Depths:3 | Noticed an ancient lich
 49267 | Depths:3 | Killed an ancient lich
 49282 | Depths:3 | Received a gift from Okawaru
 49285 | Depths:3 | Got a steaming plate armour {god gift}
 49296 | Depths:3 | Identified the +0 plate armour "Surig" {Dex+4} (Okawaru
                  | gifted it to you on level 3 of the Depths)
 49332 | Depths:3 | Paralysed by an ogre mage for 4 turns
 49478 | Depths:3 | Identified Qiciut's Almanac of Flying Companions
 49480 | Depths:3 | Identified the Tome of Toxins and Hexes
 49500 | Depths:3 | Identified the Collected Works on Heat and Execration
 49502 | Depths:3 | Identified Giewi's Disquisition on the Feathery Snowflakes
 49518 | Depths:3 | Learned a level 5 spell: Fireball
 49560 | Depths:3 | Reached skill level 5 in Fire Magic
 49989 | Depths:3 | Reached skill level 10 in Dodging
 50302 | Depths:3 | Found a one-way gate leading to the halls of Pandemonium.
 50700 | Depths:4 | Reached XP level 22. HP: 126/144 MP: 27/36
 51235 | Depths:4 | Received a gift from Okawaru
 51348 | Depths:4 | Noticed a caustic shrike
 51371 | Depths:4 | Killed a caustic shrike
 51635 | Depths:4 | Found Xookk's Armour Shop.
 51637 | Depths:4 | Found Taoruxut's Distillery.
 51637 | Depths:4 | Found Iri Tokiunwi's Book Boutique.
 51642 | Depths:4 | Found Cyti Qau's Gadget Boutique.
 51651 | Depths:4 | Bought a book of the Earth for 845 gold pieces
 51968 | Depths:4 | Found Qiliwnea's Armour Emporium.
 51971 | Depths:4 | Bought a scarf of repulsion for 180 gold pieces
 52045 | Depths:4 | Found a broken altar of Ashenzari.
 52509 | Depths:5 | Entered Level 5 of the Depths
 52509 | Depths:5 | Found Jarul's Weapon Shoppe.
 52996 | Depths:5 | Found a gate to the Realm of Zot.
 53006 | Depths:5 | Noticed a golden dragon
 53036 | Depths:5 | Killed a golden dragon
 53036 | Depths:5 | Received a gift from Okawaru
 53321 | Depths:5 | Received a gift from Okawaru
 53614 | Depths:5 | Received a gift from Okawaru
 53628 | Depths:5 | Noticed a golden dragon
 53647 | Depths:5 | Killed a golden dragon
 53931 | Depths:5 | Found a gateway to a ziggurat.
 54608 | Elf:1    | Entered Level 1 of the Elven Halls
 54619 | Elf:1    | Reached XP level 23. HP: 150/150 MP: 35/37
 54810 | Elf:1    | Found a transporter.
 54852 | Elf:1    | Found a transporter.
 54852 | Elf:1    | Found a transporter.
 55042 | Elf:1    | Received a gift from Okawaru
 55157 | Elf:1    | Identified the ring of Benevolence {*Contam +Blink rPois
                  | Int+4 Stlth+}
 55185 | Elf:1    | Identified Feczah's Volume of Summoning
 55202 | Elf:1    | Received a gift from Okawaru
 55358 | Elf:1    | Identified the ring of Teruc {rF+ Int-5 Dex+7}
 55443 | Elf:1    | Found a transporter.
 55445 | Elf:1    | Found a transporter.
 56254 | Elf:2    | Identified the +6 war axe of Disintegration {venom, rC-
                  | Dex+5}
 56393 | Elf:2    | Received a gift from Okawaru
 56399 | Elf:2    | Got a polished long sword {god gift}
 56404 | Elf:2    | Identified the +4 long sword of the Swamp {freeze, rC+
                  | Str+2} (Okawaru gifted it to you on level 2 of the Elven
                  | Halls)
 56576 | Elf:2    | Found a runed translucent gate.
 56576 | Elf:2    | Found a runed translucent gate.
 56577 | Elf:2    | Found a runed translucent gate.
 56786 | Elf:2    | Noticed Saint Roka
 56849 | Elf:2    | Killed Saint Roka
 56876 | Elf:2    | Reached skill level 1 in Long Blades
 57503 | Elf:3    | Entered Level 3 of the Elven Halls
 57624 | Elf:3    | Found Zauxkig's Antique Armour Emporium.
 57628 | Elf:3    | Found Caxoirghama's Gadget Emporium.
 57950 | Elf:3    | Found Wuesowni's Elven Fire.
 57961 | Elf:3    | Received a gift from Okawaru
 58013 | Elf:3    | Found a flickering gateway to a bazaar.
 58019 | Bazaar   | Entered a bazaar
 58053 | Bazaar   | Found Bikioshro's Gadget Shop.
 58084 | Bazaar   | Found Vihoonud's Gadget Shop.
 58107 | Bazaar   | Found Peiden's Distillery.
 58133 | Bazaar   | Found Umufyav's Distillery.
 58153 | Bazaar   | Bought a potion of heal wounds for 40 gold pieces
 58153 | Bazaar   | Bought a potion of might for 32 gold pieces
 58153 | Bazaar   | Bought a potion of might for 32 gold pieces
 58153 | Bazaar   | Bought a potion of heal wounds for 40 gold pieces
 58173 | Bazaar   | Bought a potion of heal wounds for 45 gold pieces
 58963 | Elf:3    | Reached XP level 24. HP: 136/157 MP: 34/38
 59284 | Elf:3    | Identified the Papyrus of Creation and Ice
 59309 | Elf:3    | Identified the Guide on Unstable Confrontation
 59384 | Elf:3    | Identified the +8 war axe "Ibeisig" {flame, Str+4}
 60212 | Elf:3    | Got a jewelled morningstar
 60213 | Elf:3    | Identified the cursed +0 morningstar "Testudine's Undoing"
                  | {elec, rPois} (You found it on level 3 of the Elven Halls)
 60227 | Elf:3    | Got a brightly glowing flail
 60228 | Elf:3    | Identified the +10 flail of Debt {vorpal, rN+ Will+ MP-9
                  | Str+4} (You found it on level 3 of the Elven Halls)
 60231 | Elf:3    | Got a pair of polished boots
 60242 | Elf:3    | Identified the cursed -4 pair of boots "Nudgh" {rN+ Regen+}
                  | (You found it on level 3 of the Elven Halls)
 60382 | Elf:3    | Got a translucent mace
 60383 | Elf:3    | Identified the +6 mace of the Slashing Visionary {holy,
                  | rPois rC++} (You found it on level 3 of the Elven Halls)
 60522 | Elf:2    | Got a masterwork war axe
 60523 | Elf:2    | Identified the +10 war axe of Evil {freeze, rN+ Str+4} (You
                  | found it on level 2 of the Elven Halls)
 60770 | Vaults:1 | Entered Level 1 of the Vaults
 60855 | Vaults:1 | Received a gift from Okawaru
 61468 | Vaults:1 | Received a gift from Okawaru
 61741 | Vaults:1 | Got a crude brass ring
 61890 | Vaults:1 | Noticed Asterion
 61903 | Vaults:1 | Killed Asterion
 61903 | Vaults:1 | Received a gift from Okawaru
 62323 | Vaults:1 | Reached skill level 10 in Fire Magic
 62947 | Vaults:2 | Received a gift from Okawaru
 62961 | Vaults:2 | Got a glimmering war axe {god gift}
 62962 | Vaults:2 | Identified the +5 war axe of the Coward {elec, *Rage +Blink
                  | rF+++ rN+} (Okawaru gifted it to you on level 2 of the
                  | Vaults)
 63058 | Vaults:2 | Found Kogune's Distillery.
 63071 | Vaults:2 | Bought a potion of heal wounds for 80 gold pieces
 63431 | Vaults:2 | Reached XP level 25. HP: 142/164 MP: 22/39
 63693 | Vaults:2 | Received a gift from Okawaru
 64604 | Vaults:2 | Received a gift from Okawaru
 64612 | Vaults:2 | Got a fine great mace {god gift}
 64620 | Vaults:2 | Identified the +6 great mace of the Spider Nest {freeze,
                  | rF++ Str+3} (Okawaru gifted it to you on level 2 of the
                  | Vaults)
 65023 | Vaults:3 | Noticed Boris
 65051 | Vaults:3 | Killed Boris
 65067 | Vaults:3 | Identified the cursed ring "Oroqiown" {rN+ Str-4} (You
                  | found it on level 1 of the Vaults)
 65882 | Vaults:3 | Noticed Nikola
 65900 | Vaults:3 | Killed Nikola
 66162 | Vaults:3 | Received a gift from Okawaru
 66373 | Vaults:3 | Found a staircase to the Crypt.
 66373 | Vaults:3 | Found an ancient bone altar of Kikubaaqudgha.
 66374 | Vaults:3 | Found a basalt altar of Yredelemnul.
 66715 | Vaults:3 | Noticed Margery
 66737 | Vaults:3 | Killed Margery
 68090 | Vaults:4 | Noticed Rupert
 68119 | Vaults:4 | Killed Rupert
 68279 | Vaults:4 | Found the +8 Wrath of Trog {antimagic, *Rage}
 68953 | Vaults:4 | Reached XP level 26. HP: 117/172 MP: 23/41
 69116 | Vaults:5 | Entered Level 5 of the Vaults
 69314 | Vaults:4 | Received a gift from Okawaru
 70067 | Vaults:5 | Received a gift from Okawaru
 70103 | Vaults:4 | Received a gift from Okawaru
 70387 | Vaults:5 | Noticed an ancient lich
 71720 | Vaults:5 | Identified the Guide on Ignition and Conjuration
 71871 | Vaults:5 | Identified the +11 lajatang "Toluraam" {elec, Int+4 SInv}
 71895 | Vaults:4 | Received a gift from Okawaru
 72415 | Vaults:5 | Identified the +2 plate armour of Perfidy {Harm}
 72415 | Vaults:5 | Identified the ring of Ytaiss {rC+ Dex+3 Slay+2}
 72884 | Vaults:5 | Received a gift from Okawaru
 72899 | Vaults:5 | Identified the Catalogue of the Lethal Oath
 73338 | Vaults:5 | Killed an ancient lich
 73363 | Vaults:5 | Reached skill level 15 in Spellcasting
 73671 | Vaults:5 | Reached XP level 27. HP: 153/179 MP: 29/42
 74281 | Vaults:5 | Identified the +1 great sword of the Wasteland {flame, rN++
                  | Stlth-}
 74751 | Vaults:5 | Reached skill level 15 in Ice Magic
 75077 | Vaults:5 | Got a silver rune of Zot
 75902 | Vaults:2 | Received a gift from Okawaru
 76027 | Hell     | Entered the Vestibule of Hell
 76027 | Hell     | Noticed Geryon
 76077 | Hell     | Killed Geryon
 76078 | Hell     | Gained mutation: [You are occasionally teleported next to
                  | monsters.] [a cacodemon]
 77034 | Hell     | Found a gateway to the freezing wastes of Cocytus.
 77605 | Hell     | Cast into level 2 of the Abyss (hell knight)
 77773 | Abyss:2  | Paralysed by accursed screaming for 1 turns
 77783 | Abyss:2  | Paralysed by accursed screaming for 2 turns
 77788 | Abyss:2  | Paralysed by accursed screaming for 2 turns
 77791 | Abyss:2  | HP: 1/126 [starcursed mass/accursed screaming (6)]
 77792 | Abyss:2  | Killed from afar by a will-o-the-wisp

Illustrated notes

Levels and vault maps discovered:
D:1:      moated_graveyard_arrival, layout_loops_ring
D:2:      layout_rooms, old_standard_altar,
          chequers_ecumenical_altar_simple_redux, minmay_tetromino_s4,
          uniq_jessica
D:3:      layout_basic, corexii_hall_statues_deadend
D:4:      layout_cave_pods, nzn_overflow_gifts_of_might_and_magic,
          kennysheep_little_box, nicolae_ru_great_annihilating_truth,
          minmay_temple_entry_crystal_x, serial_shops, shop, uniq_grinder
D:5:      layout_basic, minmay_fractal_squares_diagonal_5
D:6:      layout_rooms, serial_corexii_hall, corexii_hall_statues_l,
          corexii_hall_statues_u, chequers_hall_statues_corner_a,
          corexii_hall_statues_s, minivault_14
D:7:      layout_basic
D:8:      cheibrodos_iron_armory, layout_loops_corners, marbit_many_paths,
          nicolae_overflow_crystal_walls
D:9:      layout_basic, lemuel_crystal_altar, nzn_wu_jian_council_hall,
          minmay_lair_entry_grove
D:10:     layout_basic, serial_shops, shop
D:11:     layout_long_grid
D:12:     layout_loops_ring, orc_0_dummy, serial_shops, shop, uniq_maurice,
          uniq_erolcha
D:13:     layout_gridville, david_vaults_3
D:14:     layout_long_grid, minmay_stone_trees_small,
          gammafunk_ghost_abyssal_escape, enter_bailey_2
D:15:     hangedman_depths_entry_civil_slaughter, layout_basic, chequers_jeans
Lair:1:   layout_layer_cave, basic_altar, ebering_ghost_disaster_area,
          hangedman_lair_unloving_vines, chequers_serial_rivers_micro_d,
          serial_bayou_pond_e, grunt_forest_small_clearing_treed,
          lemuel_fruit_fields
Lair:2:   layout_regular_city, palyth_hydra_swamp_entry, gammafunk_ghost_arena,
          beast_lair_carwin_8, uniq_fannar
Lair:3:   layout_hall_layers, gauntlet_entry_generic, beast_lair_carwin_1,
          minmay_lair_oklob_chamber, infiniplex_staircase_pool_2,
          grunt_megastairs_1
Lair:4:   layout_gridlike, minmay_snake_entry_six_corridors,
          ebering_ghost_inner_flame
Lair:5:   layout_loops_ring, gammafunk_ghost_icy, grunt_megastairs_2,
          uniq_nessos
Lair:6:   minmay_lair_end_frog_pond, layout_big_grid, slime_altar_1,
          hangedman_lair_generics_rect
Swamp:1:  layout_basic_swamp, basic_altar
Swamp:2:  layout_basic_swamp, nicolae_swamp_trees_clearing, swamp_pool1,
          hangedman_swamp_blocks, infiniplex_staircase_pool, uniq_aizul
Swamp:3:  layout_falls_marsh, evilmike_swamp_ruin_house_6, uniq_bai_suzhen,
          uniq_donald
Swamp:4:  swamp_alternative, layout_basic_swamp
Snake:1:  layout_onion
Snake:2:  layout_onion_interference, portal_ice_cave_entry_frozen_things,
          grunt_ministairs_9
Snake:3:  layout_rooms, serial_shops, shop
Snake:4:  snake_pit, layout_rooms, serial_shops, shop, shop, nicolae_shop_stone,
          shop, shop
Orc:1:    layout_diamond_mine
Orc:2:    st_orc_congregation, layout_caves, basic_altar,
          nicolae_volcano_entry_two_sided
Elf:1:    gammafunk_the_bubble [the_bubble_gammafunk_roulette],
          layout_onion_city, minmay_elf_demonology
Elf:2:    layout_rooms, nrook_mini_backslash, uniq_saint_roka
Elf:3:    minmay_elf_hall_circle, layout_geoelf_octagon, serial_shops,
          bzr_entry_safe, guppyfry_elf_lava, minmay_shop_star
Vaults:1: ontoclasm_vaults_ring_large, hangedman_vaults_capsules,
          nicolae_vaults_asterisk, ontoclasm_vaults_hangar, vaults_room_octagon,
          hangedman_vaults_trim, vaults_room_hangedman_quadrants,
          ontoclasm_vaults_eye, vaults_mumra_minichess, v_misc_27,
          ontoclasm_vaults_shuriken, ontoclasm_vaults_tryst, v_misc_11,
          layout_vaults_maze_snakey, uniq_asterion
Vaults:2: nicolae_vaults_specimen_jars, grunt_vaults_diagonal,
          ontoclasm_vaults_idyll, dpeg_vaults_monster_row,
          nicolae_vaults_arrows, hangedman_vaults_trim,
          nicolae_vaults_little_squares_1, v_misc_30, v_pattern_2,
          vaults_room_grid, nicolae_vaults_border_crossing,
          vaults_dpeg_encased_lava, ontoclasm_vaults_ring_square,
          ontoclasm_vaults_twist, hangedman_vaults_impose,
          layout_vaults_omnibox, serial_shops, shop
Vaults:3: v_pattern_5, minmay_crypt_entry_necro_gods, grunt_vaults_hallway_long,
          nicolae_vaults_sealed_display, st_lines, v_misc_16,
          hangedman_vaults_trim, layout_vaults_omnigrid, uniq_boris,
          uniq_margery, uniq_nikola
Vaults:4: sword_in_stone, ontoclasm_vaults_bender, hangedman_vaults_maws,
          vaults_room_door_hall, v_misc_17, nicolae_vaults_shelves_hall,
          layout_vaults_chaotic_city
Vaults:5
Depths:1: layout_cross, tso_metal_star, abyss_entry_small_statue_room,
          pf_hell_entry_tar_spiral, kennysheep_generic_room_6
Depths:2: minmay_the_grid_triangle_9x9_rhombus_full
          [minmay_the_grid_triangle_9x9_skeleton,
          minmay_the_grid_triangle_9x9_impossible_snake,
          minmay_the_grid_triangle_9x9_semitri,
          minmay_the_grid_triangle_9x9_wacky_v,
          minmay_the_grid_triangle_9x9_sprig,
          minmay_the_grid_triangle_9x9_corruption,
          minmay_the_grid_triangle_9x9_subtriangle,
          minmay_the_grid_triangle_9x9_prize_insulated], layout_cave_pools,
          pf_coc_iceberg, chequers_serial_rivers_marsh,
          kilobyte_mutagenic_chamber, infiniplex_staircase_spiral
Depths:3: evilmike_library_of_no_secrets, layout_honeycomb, hell_entry,
          chequers_serial_rivers_room_b, pan_entry, minmay_misc_feat_square,
          nrook_loot_triangle, minmay_staircase_bubble, serial_bayou_shore_a,
          minmay_shop_grove, uniq_mara, uniq_sojobo
Depths:4: cell_vault, layout_basic, nicolae_ashenzari_panopticon, hell_entry,
          hangedman_abyss_entry_splay, serial_shops, nicolae_shop_behind_doors,
          infiniplex_staircase_zigzag_1, minmay_shoptagon
Depths:5: grunt_zot_entry_bicorn, layout_honeycomb, enter_ziggurat_c,
          grunt_metal_band, hangedman_decor_peaks_small, abyss_entry,
          serial_shops, shop
Hell
Abyss:2:  base: Vaults:4, evilmike_abyss_exit_plants,
          hangedman_abyss_exit_choices

Skill      XL: |  1  2  3  4  5  6  7  8  9 10 11 12 13 14 15 16 17 18 19 20 21 22 23 24 25 26 27 |
---------------+----------------------------------------------------------------------------------+-----
Fighting       | 4 5 6 7 8 9 10 11 12 13 14 15 16 17 18 19 20 | 20.6
Armour         | 4 5 6 7 8 9 10 11 12 13 14 15 16 17 18 19 20 | 20.6
Shields        | 4 5 6 7 8 9 10 11 12 13 15 | 15.0
Maces & Flails | 3 4 6 7 9 11 13 | 13.5
Invocations    | 1 2 3 4 5 7 8 |  8.0
Axes           | 2 3 5 |  5.5
Throwing       | 2 3 5 6 7 8 9 10 11 12 | 12.0
Dodging        | 2 4 5 6 7 8 9 10 | 10.0
Spellcasting   | 2 3 5 6 7 8 9 10 11 12 14 15 16 | 16.1
Summonings     | 2 3 5 6 7 8 9 10 11 12 13 | 13.4
Short Blades   | 2 3 4 |  4.6
Ice Magic      | 2 4 5 7 8 9 11 12 13 14 15 | 15.2
Hexes          | 2 3 |  3.2
Conjurations   | 5 8 10 11 12 13 14 | 14.0
Fire Magic     | 2 5 7 9 10 11 | 11.9
Long Blades    | 2 3 |  3.6

Action                   |  1- 3 |  4- 6 |  7- 9 | 10-12 | 13-15 | 16-18 | 19-21 | 22-24 | 25-27 || total
-------------------------+-------+-------+-------+-------+-------+-------+-------+-------+-------++-------
Melee: Flail             |   109 |    79 |       |       |       |       |       |   671 |  2184 ||  3043
       Whip              |       |    31 |    22 |       |       |       |       |       |       ||    53
       War axe           |       |       |   424 |   329 |       |       |       |       |       ||   753
       Morningstar       |       |       |       |   433 |  1633 |       |       |       |       ||  2066
       Demon whip        |       |       |       |       |    17 |  1904 |  2019 |  1698 |       ||  5638
       Mace              |       |       |       |       |       |       |       |       |    22 ||    22
 Cast: Summon Ice Beast  |       |       |       |       |     9 |       |     3 |       |       ||    12
       Ozocubu's Armour  |       |       |       |       |       |       |     4 |     5 |     2 ||    11
       Frozen Ramparts   |       |       |       |       |       |       |     4 |     3 |     1 ||     8
       Fireball          |       |       |       |       |       |       |       |     5 |       ||     5
       Hailstorm         |       |       |       |       |       |       |       |    10 |     9 ||    19
Invok: Heroism           |       |       |     2 |    12 |    29 |    28 |    36 |    39 |    42 ||   188
       Finesse           |       |       |       |     3 |     3 |     7 |     6 |    15 |     8 ||    42
 Abil: Fly               |       |       |       |       |     1 |     1 |       |     1 |       ||     3
       Stop Flying       |       |       |       |       |     1 |       |     1 |     1 |       ||     3
Evoke: Wand              |       |       |       |       |       |       |       |     1 |       ||     1
  Use: Scroll            |       |     9 |     6 |     4 |    16 |     3 |     7 |     4 |     6 ||    55
       Potion            |       |       |       |       |     1 |     6 |       |     1 |     6 ||    14
 Stab: Paralysed         |       |     1 |       |       |       |       |       |       |       ||     1
       Distracted        |       |       |       |       |     3 |       |       |     1 |       ||     4
Armor: Scale mail        |    75 |    56 |   118 |   277 |   295 |       |       |       |       ||   821
       Chain mail        |       |       |    97 |     9 |       |       |       |       |       ||   106
       Plate armour      |       |       |       |    93 |    51 |   954 |   729 |   825 |  1465 ||  4117
       Skin              |       |       |       |     2 |       |       |       |       |       ||     2
       Ring mail         |       |       |       |       |   348 |    43 |       |       |       ||   391
Dodge: Dodged            |    54 |    33 |   161 |   329 |   901 |   618 |   448 |   674 |  1132 ||  4350
       Repelled          |       |       |       |       |       |       |       |    25 |       ||    25
Block: Kite shield       |    68 |    55 |   261 |   600 |  1614 |  1435 |  1057 |  1381 |  2313 ||  8784
